 Dungeon Crawl Stone Soup version 0.30-a0-159-g068b764562 (webtiles) character file.

Game seed: 914698755624919291

162 porpoise the Sneak (level 5, 0/34 HPs)
             Began as a Kobold Delver on Sept 28, 2022.
             Slain by a goblin
             ... wielding a +0 club
             ... led by Robin
              (1 damage)
             ... on level 2 of the Dungeon.
             The game lasted 00:09:41 (2694 turns).

porpoise the Sneak (Kobold Delver)                  Turns: 2694, Time: 00:09:44

Health: 0/34       AC:  6    Str: 10    XL:     5   Next: 71%
Magic:  5/5        EV: 13    Int: 11    God:
Gold:   127        SH:  0    Dex: 18    Spells: 4/4 levels left

rFire   . . .      SeeInvis .    a - +1 dagger (venom)
rCold   . . .      Faith    .    (no shield)
rNeg    . . .      Spirit   .    h - +0 ring mail
rPois   .          Reflect  .    (no helmet)
rElec   .          Harm     .    j - +0 cloak
rCorr   .          Rampage  .    (no gloves)
Will    .....                    (no boots)
Stlth   ++++......               (no amulet)
HPRegen 0.11/turn                (no ring)
MPRegen 0.09/turn                (no ring)

@: on berserk cooldown, slowed, very slow
A: small, no large weapons, nightstalker 3
a: no special abilities


You were on level 2 of the Dungeon.
You visited 1 branch of the dungeon, and saw 5 of its levels.

You collected 127 gold pieces.

Inventory:

Hand Weapons
 a - a +1 dagger of venom (weapon)
 b - a +0 sling
Armour
 h - a +0 ring mail (worn)
 j - a +0 cloak (worn)
 l - a +0 leather armour
Wands
 g - a wand of digging (3)
Scrolls
 c - a scroll of fog
 d - a scroll of magic mapping
 i - a scroll of poison {unknown}
 k - 3 scrolls of identify
 o - a scroll of enchant weapon {unknown}
Potions
 e - a potion of brilliance
 f - a potion of haste
 m - a potion of curing {unknown}
 n - a potion of attraction {unknown}


   Skills:
 + Level 4.3 Fighting
 * Level 5.4 Short Blades
 - Level 2.4 Dodging
 + Level 7.5 Stealth


You had 4 spell levels left.
You didn't know any spells.
Your spell library contained the following spells:

 Spells                   Type           Power      Damage    Failure   Level
 Shock                    Conj/Air       0%         1d3       67%         1
 Call Canine Familiar     Summ           0%         N/A       95%         3
 Inner Flame              Hex/Fire       0%         N/A       95%         3
 Portal Projectile        Hex/Tloc       0%         N/A       95%         3
 Cause Fear               Hex            0%         N/A       100%        4
 Leda's Liquefaction      Hex/Erth       0%         N/A       100%        4
 Discord                  Hex            0%         N/A       100%        8


Dungeon Overview and Level Annotations

Branches:
Dungeon (5/15)
 Temple: D:4-7

Altars:
Okawaru

Shops:
D:1 [

Annotations:
D:2 Robin


Innate Abilities, Weirdness & Mutations

You are small and have problems with some larger weapons.
You are completely attuned to the shadows.


Message History

You hit the phantom.
You destroy the phantom!
The goblin no longer looks unusually strong.
Your life force feels restored.
Your Short Blades skill increases to level 5!
You have reached level 5!
You feel stronger.
You hit the goblin.
The goblin is almost dead.
You puncture the goblin!
You kill the goblin!
The goblin barely misses you. The goblin hits you with a +0 dagger.
* * * LOW HITPOINT WARNING * * *
Robin barely misses you.
You hit Robin.
Robin is poisoned.
Robin is lightly wounded.
The goblin no longer looks unusually strong. x2
You hit Robin but do no damage.
Robin looks as sick as possible!
Robin is lightly wounded.
You puncture the goblin!
You kill the goblin!
The goblin misses you. Robin hits you with a +0 spear.
* * * LOW HITPOINT WARNING * * *
You closely miss the goblin. You puncture the goblin!
You kill the goblin!
The hobgoblin no longer looks unusually strong.
The goblin barely misses you. Robin throws the goblin at you!
The goblin closely misses you.
You closely miss Robin.
Robin is heavily wounded.
Unknown command.
You hit Robin.
Robin is severely wounded.
You are no longer berserk.
You are exhausted.
You feel yourself slow down. The hobgoblin closely misses you.
The hobgoblin hits you but does no damage.
The goblin hits you with a +0 club.
You die...

###....#######
#......#.......
#..........##..
#..######.##...
#.........#.......#
###.#...####(........
.....^....ยง')........
###.#...####...gg....
#>##.## ##..g@...#
#...## ##.ggg.## ###.
##...## ##'## #.# .#


You could see Robin (extremely poisoned), 3 hobgoblins and 2 goblins.

Vanquished Creatures
  A phantom (D:2)
  Crazy Yiuf (D:2)
  An adder (D:2)
  An ufetubus (D:5)
  A worm (D:2)
  2 dart slugs
  2 orcs (D:5)
  A bat (D:1)
  2 endoplasms
  A giant cockroach (D:1)
  5 goblins (D:2)
  5 hobgoblins
  3 quokkas
  2 ball pythons
  2 frilled lizards (D:2)
  6 kobolds
  A rat (D:2)
37 creatures vanquished.

Vanquished Creatures (others)
  7 plants (D:2)
7 creatures vanquished.

Grand Total: 44 creatures vanquished

Notes
Turn   | Place    | Note
-------+----------+-------------------------------------------
     0 | D:5      | porpoise the Kobold Delver began the quest for the Orb.
     0 | D:5      | Reached XP level 1. HP: 14/14 MP: 1/1
    22 | D:5      | Noticed an orc wizard
    43 | D:5      | Noticed a black bear
   546 | D:5      | Noticed an ice beast
   567 | D:5      | Reached XP level 2. HP: 19/19 MP: 2/2
  1086 | D:1      | Reached XP level 3. HP: 23/23 MP: 3/3
  1199 | D:1      | Found a faded altar of an unknown god.
  1205 | D:1      | Got Plato's Handbook of the Lungs
  1500 | D:1      | Found Ysavvyet's Antique Armour Boutique.
  1985 | D:2      | Reached skill level 7 in Stealth
  2044 | D:2      | Found an iron altar of Okawaru.
  2223 | D:2      | Reached XP level 4. HP: 27/29 MP: 4/4
  2339 | D:2      | Found a runed translucent door.
  2342 | D:2      | Noticed Crazy Yiuf
  2352 | D:2      | Killed Crazy Yiuf
  2657 | D:2      | Noticed a phantom
  2660 | D:2      | Noticed Robin
  2684 | D:2      | Killed a phantom
  2685 | D:2      | Reached skill level 5 in Short Blades
  2685 | D:2      | Reached XP level 5. HP: 3/33 MP: 5/5
  2686 | D:2      | HP: 1/49 [goblin/+0 dagger[Robin] (2)]
  2694 | D:2      | Slain by a goblin

Illustrated notes

Levels and vault maps discovered:
D:1:      dpeg_arrival_central, layout_loops_ring,
          shapermc_ecumenical_altar_rom_forum, serial_shops, nicolae_square_shop
D:2:      layout_loops_corners, basic_altar, nicolae_shop_unique_rings,
          lexackson_kobold_supper, uniq_jessica, uniq_robin,
          uniq_crazy_yiuf_cottage
D:3:      layout_rooms, kiku_gazebo_garden_becter,
          nicolae_ru_great_annihilating_truth
D:4:      layout_basic, st_stairs_3, minmay_lizard_king
D:5:      nicolae_cairo_tiling_very_big, layout_cave_pools

Skill      XL: |  1  2  3  4 |
---------------+-------------+-----
Short Blades   | 3 4 5 |  5.4
Stealth        | 7 |  7.5
Fighting       | 4 |  4.3
Dodging        | |  2.4

Action                   |  1- 3 |  4- 6 || total
-------------------------+-------+-------++-------
Melee: Short sword       |    31 |       ||    31
       Dagger            |    24 |    49 ||    73
       Punch             |       |     2 ||     2
  Use: Scroll            |     2 |     1 ||     3
       Potion            |       |     2 ||     2
 Stab: Sleeping          |    14 |       ||    14
Armor: Leather armour    |     3 |       ||     3
       Ring mail         |    13 |    17 ||    30
Dodge: Dodged            |    43 |    45 ||    88

Table legend: (Time is in decaauts)
 A = Elapsed time spent in this place.
 B = Non-inter-level travel time spent in this place.
 C = Inter-level travel time spent in this place.
 D = Time resting spent in this place.
 E = Time spent auto-exploring this place.
 F = Levels seen in this place.
 G = Mean time per level.
                   A        B        C        D        E       F      G
               +--------+--------+--------+--------+--------+-----+--------+
         Total |   2675 |   2650 |     25 |    725 |   1283 |   5 |  535.0 |
       Dungeon |   2675 |   2650 |     25 |    725 |   1283 |   5 |  535.0 |
               +--------+--------+--------+--------+--------+-----+--------+

Top non-repeatable levels by time:
     D:2: 983 daAuts
     D:1: 822 daAuts
     D:5: 603 daAuts
     D:4: 254 daAuts
     D:3: 10 daAuts
